 Dungeon Sprint DCSS version 0.25-a0-38-g099c3e1 (webtiles) character file.

Game seed: 4916051466797243602, levelgen mode: deterministic

7 schets the Skirmisher (level 1, 0/19 HPs)
             Began as a Demonspawn Monk on Oct 20, 2019.
             Slain by a human (6 damage)
             ... in the Dungeon (Sprint III: "The Ten Rune Challenge").
             The game lasted 00:00:25 (240 turns).

schets the Skirmisher (Demonspawn Monk)              Turns: 240, Time: 00:00:25

Health: 0/19       AC:  2    Str: 11    XL:     1   Next: 83%
Magic:  1/1        EV: 13    Int: 11    God:
Gold:   0          SH:  0    Dex: 15    Spells: 0/0 levels left

rFire    + . .     SeeInvis .     - Unarmed
rCold    x . .     Gourm    .   (no shield)
rNeg     . . .     Faith    .   a - +0 robe
rPois    .         Spirit   .   (no helmet)
rElec    .         Reflect  .   (no cloak)
rCorr    .         Harm     .   (no gloves)
MR       .....     NoTele   +   (no boots)
Stlth    ++........             (no amulet)
HPRegen  0.06/turn              i - ring of fire
MPRegen  0.07/turn              (no ring)

@: no status effects
A: no striking features
a: no special abilities


You were in the Dungeon.
You were not hungry.

You visited 1 branch

Inventory:

Missiles
 k - 7 poisoned darts (quivered)
Armour
 a - a +0 robe (worn)
Jewellery
 i - a ring of fire (left hand)
Scrolls
 h - a scroll of blinking
Potions
 c - a potion of curing
 d - a potion of heal wounds
 e - a potion of haste
 f - 2 potions of magic
 g - a potion of berserk rage
Comestibles
 b - a ration
 j - 2 chunks of flesh


   Skills:
 * Level 3.6 Fighting
 + Level 1.0 Armour
 + Level 3.0 Dodging
 - Level 1.7 Stealth
 * Level 3.3 Unarmed Combat


You couldn't memorise any spells.
You didn't know any spells.
Your spell library was empty.

Dungeon Overview and Level Annotations

Branches:
Dungeon (1/1)

Altars:


Message History

Press: ? - help, Shift-Dir - straight line, f/p - human
Aim: a human (poisoned)
You throw a poisoned dart.
The poisoned dart barely misses the human.
Throwing (i - inventory)
k - 8 poisoned darts (quivered)
Press: ? - help, Shift-Dir - straight line, f/p - human
Aim: a human (lightly wounded, poisoned)
You throw a poisoned dart. The poisoned dart hits the human.
The human looks even sicker.
The human is lightly wounded.
You hit the human.
The human is moderately wounded.
The human hits you.
You hit the human but do no damage.
The human is moderately wounded.
The human hits you!
You barely miss the human.
The human is moderately wounded.
The human hits you.
You die...

▓.....#
▓.....#...≈≈♣♣♣♣
▓.....#..≈≈≈≈♣.♣
▓####÷#..≈≈≈≈≈≈♣
▓.....#.≈≈≈≈≈≈..
▓.....#.≈≈≈≈≈...
▓.....#.≈≈≈.....
▓'#####.......(.
▓...@p...(..(.(.
▓▓▓▓▓▓▓▓▓▓▓▓▓▓▓▓


You could see a human.

Vanquished Creatures
  An ooze (D)
  3 rats (D)
4 creatures vanquished.

Vanquished Creatures (others)
  2 yaktaurs (D)
  6 hellions (D)
8 creatures vanquished.

Grand Total: 12 creatures vanquished

Notes
Turn   | Place    | Note
-------+----------+-------------------------------------------
     0 | D        | schets the Demonspawn Monk began the quest for the Orb.
     0 | D        | Reached XP level 1. HP: 18/18 MP: 1/1
    19 | D        | Killed a yaktaur
    92 | D        | Killed a hellion
    92 | D        | Killed a hellion
    94 | D        | Killed a hellion
   103 | D        | Killed a hellion
   105 | D        | Killed a hellion
   156 | D        | Killed a yaktaur
   156 | D        | Killed a hellion
   205 | D        | Reached skill level 1 in Armour
   240 | D        | Slain by a human

Levels and vault maps discovered:
D:        dungeon_sprint_mu [sprint_mu_entry_forest, sprint_mu_temple_rooms,
          sprint_mu_d1_spiders, sprint_mu_d2_genie, sprint_mu_d3_branching,
          sprint_mu_orc_legion, sprint_mu_elf_gauntlet, sprint_mu_hive_nellie,
          sprint_mu_lair_fedhas, sprint_mu_vaults_butterflies,
          sprint_mu_slime_circle, sprint_mu_swamp_cave, sprint_mu_snake_twists,
          sprint_mu_blade_basic, sprint_mu_crypt_fortress,
          sprint_mu_tomb_spiral, sprint_mu_vestibule_basic,
          sprint_mu_gehenna_hellfire, sprint_mu_dis_giant,
          sprint_mu_tartarus_statrot, sprint_mu_cocytus_islands, sprint_mu_zot1]

Skill      XL: |  1 |
---------------+----+-----
Dodging        | 3 |  3.0
Unarmed Combat | 3 |  3.3
Armour         | 1 |  1.0
Fighting       | |  3.6
Stealth        | |  1.7

Action                   || total
-------------------------++-------
Melee: Unarmed           ||    19
Throw: Dart              ||     5
Armor: Robe              ||     3
Dodge: Dodged            ||     7

Table legend:
 A = Non-vault XP
 B = Vault XP
 C = Vault XP percentage of total XP
 D = Non-vault monster count
 E = Vault monster count
 F = Vault count percentage of total count
                 A         B        C        D         E       F
            +---------+---------+-------+---------+---------+-------
      Total |       0 |      10 | 100.0 |       0 |       4 | 100.0
            +---------+---------+-------+---------+---------+-------
          D |       0 |      10 | 100.0 |       0 |       4 | 100.0
            +---------+---------+-------+---------+---------+-------
